 Dungeon Crawl Stone Soup version 0.24-a0-582-g4d4af813a0 (webtiles) character file.

Game seed: 13535018452690717462

102 DavidChitty2 the Covered (level 4, -9/40 HPs)
             Began as a Minotaur Fighter on Aug 25, 2019.
             Killed by divine providence
             ... invoked by an orc priest
              (13 damage)
             ... on level 3 of the Dungeon.
             The game lasted 00:01:54 (2026 turns).

DavidChitty2 the Covered (Minotaur Fighter)         Turns: 2026, Time: 00:01:55

Health: -9/40      AC:  8    Str: 21    XL:     4   Next: 50%
Magic:  3/3        EV:  7    Int:  5    God:
Gold:   142        SH:  9    Dex: 10    Spells: 3/3 levels left

rFire    . . .     SeeInvis .   a - +0 war axe
rCold    . . .     Gourm    .   c - +0 shield
rNeg     . . .     Faith    .   b - +0 scale mail
rPois    .         Spirit   .   (helmet restricted)
rElec    .         Reflect  .   (no cloak)
rCorr    .         Harm     .   (no gloves)
MR       .....                  l - +0 pair of boots
Stlth    ..........             (no amulet)
HPRegen  0.13/turn              (no ring)
MPRegen  0.08/turn              (no ring)

@: lethally poisoned (-9 -> -13)
A: retaliatory headbutt, horns 2
a: no special abilities


You were on level 3 of the Dungeon.
You were not hungry.

You visited 1 branch of the dungeon, and saw 3 of its levels.

You collected 142 gold pieces.

Inventory:

Hand Weapons
 a - a +0 war axe (weapon)
 q - a +2 whip of electrocution
   (You found it on level 2 of the Dungeon)
Armour
 b - a +0 scale mail (worn)
 c - a +0 shield (worn)
 l - a +0 pair of boots (worn)
   (You found it on level 1 of the Dungeon)
Jewellery
 i - a cursed ring of teleportation {unknown}
   (You found it on level 1 of the Dungeon)
 o - an uncursed ring of wizardry {unknown}
   (You found it on level 2 of the Dungeon)
 p - a +1 ring of evasion {unknown}
   (You found it on level 2 of the Dungeon)
Scrolls
 k - 2 scrolls of teleportation {unknown}
 m - a scroll of blinking {unknown}
Potions
 d - a potion of might
 f - 3 potions of curing {unknown}
 h - a potion of lignification {unknown}
 j - 2 potions of resistance {unknown}
 n - a potion of flight {unknown}
Comestibles
 e - 9 rations {!d}
 g - a chunk of flesh


   Skills:
 + Level 4.3 Fighting
 * Level 4.1 Axes
 + Level 4.3 Armour
 + Level 4.3 Shields


You had 3 spell levels left.
You didn't know any spells.
Your spell library was empty.

Dungeon Overview and Level Annotations

Branches:
Dungeon (3/15)

Altars:
Makhleb
Nemelex Xobeh
Xom

Annotations:
D:3 Ijyb


Innate Abilities, Weirdness & Mutations

You reflexively headbutt those who attack you in melee.
You have a pair of horns on your head.


Message History

No target in view!
No target in view!
No target in view!
No target in view!
No target in view!
The adder barely misses you. You furiously retaliate!
You headbutt the adder. You closely miss the adder.
The adder closely misses you. You furiously retaliate!
You headbutt the adder!
You kill the adder!
Found 23 stones.
An orc comes into view. It is wielding a +0 war axe.
The orc shouts!
You hear a shout! x3
An orc is nearby!
A kobold and Ijyb come into view.
Ijyb is wielding a +1 dagger of venom.
Ijyb shouts!
The kobold shouts!
You hit the orc.
An orc priest comes into view. It is wielding a +0 dagger.
An orc comes into view.
The orc barely misses you.
The orc priest calls down the wrath of Beogh upon you.
Beogh smites you!
You barely miss the orc. You headbutt the orc.
You kill the orc!
Ijyb screams, "Me stronger than you!"
An orc comes into view. It is wielding a +0 mace.
You block the kobold's attack.
Things that are here:
a +0 war axe; an orc corpse You slash the kobold!
You kill the kobold!
The orc priest calls down the wrath of Beogh upon you.
Beogh smites you!
You slash the orc!
You kill the orc!
Ijyb zaps a wand.
You block the puff of flame.
You closely miss Ijyb.
The orc priest calls down the wrath of Beogh upon you.
Beogh smites you!
* * * LOW HITPOINT WARNING * * *
Ijyb hits you but does no damage.
You are poisoned.
You miss Ijyb.
You feel sick.
Ijyb zaps a wand.
The puff of flame hits you.
* * * LOW HITPOINT WARNING * * *
The orc priest mumbles some strange prayers to Beogh against you.
Beogh smites you!
You die...

......# ..... .....
... .o. . # #o# .. #.
#g#
##.#.########@#######
..(.........#........
(....................
#.#....###.####+####
#..#.# #.# #..#.# #.#
#..#.# #.# #....# #.#
#.#..# #..


You could see Ijyb, an orc priest and an orc.

Vanquished Creatures
  4 adders
  An ooze (D:1)
  4 worms
  2 dart slugs
  2 orcs (D:3)
  4 giant cockroaches
  3 goblins
  7 hobgoblins
  6 jackals (D:2)
  A quokka (D:2)
  A ball python (D:2)
  2 bats
  A frilled lizard (D:1)
  4 kobolds
  4 rats
46 creatures vanquished.

Notes
Turn   | Place    | Note
-------+----------+-------------------------------------------
     0 | D:1      | DavidChitty2 the Minotaur Fighter began the quest for the
                  | Orb.
     0 | D:1      | Reached XP level 1. HP: 19/19 MP: 0/0
    33 | D:1      | Reached XP level 2. HP: 18/27 MP: 1/1
   794 | D:2      | Reached XP level 3. HP: 23/33 MP: 2/2
   795 | D:2      | Found a burning altar of Makhleb.
   909 | D:2      | Found a shimmering altar of Xom.
   943 | D:2      | Found a sparkling altar of Nemelex Xobeh.
  1533 | D:2      | Reached XP level 4. HP: 35/40 MP: 3/3
  2019 | D:3      | Noticed Ijyb
  2026 | D:3      | Killed from afar by an orc priest

Levels and vault maps discovered:
D:1:      scummos_arrival_star, layout_basic, minmay_misc_feat_doors,
          chequers_serial_rivers_large_a, minmay_misc_feat_five,
          minmay_tiny_reverse_x
D:2:      minmay_wonky_spiral, layout_basic, grunt_temple_overflow_open,
          nemelex_xobeh_ov_fountains_minmay
D:3:      layout_basic, hex_intersection, uniq_ijyb, uniq_crazy_yiuf_cottage,
          uniq_natasha

Skill      XL: |  1  2  3  4 |
---------------+-------------+-----
Axes           | 3 4 |  4.1
Armour         | 4 |  4.3
Fighting       | 4 |  4.3
Shields        | 4 |  4.3

Action                   |  1- 3 |  4- 6 || total
-------------------------+-------+-------++-------
Melee: War axe           |    90 |    23 ||   113
       Headbutt          |     8 |     4 ||    12
  Eat: Chunk             |     2 |     2 ||     4
Armor: Scale mail        |    32 |    10 ||    42
Dodge: Dodged            |    36 |     9 ||    45
Block: Shield            |    54 |    10 ||    64

Table legend:
 A = Non-vault XP
 B = Vault XP
 C = Vault XP percentage of total XP
 D = Non-vault monster count
 E = Vault monster count
 F = Vault count percentage of total count
                 A         B        C        D         E       F
            +---------+---------+-------+---------+---------+-------
      Total |     121 |      26 |  17.7 |      42 |       4 |   8.7
            +---------+---------+-------+---------+---------+-------
        D:1 |      19 |      11 |  36.7 |      12 |       2 |  14.3
        D:2 |      63 |      15 |  19.2 |      23 |       2 |   8.0
        D:3 |      39 |       0 |   0.0 |       7 |       0 |   0.0
            +---------+---------+-------+---------+---------+-------
